 Dungeon Crawl Stone Soup version 0.22.1 (webtiles) character file.

3212 Starchild the Cleaver (level 9, -8/74 HPs)
             Began as a Hill Orc Fighter on Sept 18, 2018.
             Mangled by a polar bear (10 damage)
             ... on level 8 of the Dungeon.
             The game lasted 00:31:25 (8047 turns).

Starchild the Cleaver (Hill Orc Fighter)            Turns: 8047, Time: 00:31:27

Health: -8/74      AC: 10    Str: 19    XL:     9   Next: 97%
Magic:  9/9        EV:  8    Int:  8    God:
Gold:   441        SH: 11    Dex: 18    Spells: 8/8 levels left

rFire    . . .     SeeInvis +   a - +1 war axe
rCold    . . .     Gourm    .   c - +0 shield
rNeg     . . .     Faith    .   b - +1 scale mail
rPois    .         Spirit   .   i - +0 helmet
rElec    .         Reflect  .   (no cloak)
rCorr    .         Harm     .   (no gloves)
MR       .....                  (no boots)
Stlth    ..........             (no amulet)
HPRegen  0.22/turn              o - +5 ring of dexterity (curse)
MPRegen  0.11/turn              k - ring of see invisible

@: no status effects
A: no striking features
a: no special abilities


You were on level 8 of the Dungeon.
You were not hungry.

You visited 1 branch of the dungeon, and saw 8 of its levels.
You also visited: Ossuary.

You collected 441 gold pieces.

Inventory:

Hand Weapons
 a - a +1 war axe (weapon)
Missiles
 g - 149 stones
 n - a throwing net
 r - 10 tomahawks (quivered)
Armour
 b - a +1 scale mail (worn)
 c - a +0 shield (worn)
 i - a +0 helmet (worn)
Jewellery
 k - a ring of see invisible (right hand)
 l - an uncursed ring of protection from cold
 o - a cursed +5 ring of dexterity (left hand)
 u - a cursed ring of stealth
Wands
 j - a wand of flame (24)
Scrolls
 d - 3 scrolls of teleportation
 e - 6 scrolls of fog
 h - a scroll of identify
 q - 2 scrolls of enchant armour
 y - 3 scrolls of remove curse
 C - a scroll of immolation
Potions
 m - a potion of agility {unknown}
 p - 2 potions of curing
 s - a potion of haste {unknown}
 t - a potion of magic
 v - a potion of ambrosia {unknown}
 w - 2 potions of invisibility {unknown}
 x - a potion of brilliance {unknown}
 A - a potion of flight {unknown}
 B - a potion of berserk rage {unknown}
Comestibles
 f - 12 rations


   Skills:
 - Level 5.0 Fighting
 - Level 12.1 Axes
 + Level 8.4 Armour
 + Level 7.7 Shields


You had 8 spell levels left.
You didn't know any spells.
Your spell library contained the following spells:

 Spells                   Type           Power        Failure   Level  Hunger
 Animate Skeleton         Necr           N/A          96%         1    ##.....
 Apportation              Tloc           #.....       96%         1    ##.....
 Confusing Touch          Hex            #.....       96%         1    ##.....
 Summon Small Mammal      Summ           #...         96%         1    ##.....


Dungeon Overview and Level Annotations

Branches:
Dungeon (8/15)             Temple (0/1) D:4
   Lair: D:8-11

Altars:
Cheibriados
Dithmenos
Fedhas
Hepliaklqana
Nemelex Xobeh
Qazlal
Sif Muna
Trog
Uskayaw
Wu Jian
Xom

Shops:
D:4 }   D:6 }

Annotations:
D:8 Prince Ribbit


Message History

The polar bear is severely wounded.
You block the polar bear's attack. x3
You barely miss the polar bear.
The polar bear is severely wounded.
The polar bear bites you!
The polar bear claws you but does no damage.
You block the polar bear's attack. The polar bear bites you!!
The polar bear barely misses you. You block the polar bear's attack.
You slash the polar bear!
The polar bear is almost dead.
You block the polar bear's attack. x2
The polar bear claws you but does no damage.
Your shield and scale mail prevent you from hitting the polar bear.
The polar bear is almost dead.
The polar bear bites you!!
* * * LOW HITPOINT WARNING * * *
The polar bear claws you.
* * * LOW HITPOINT WARNING * * *
You block the polar bear's attack. The polar bear bites you!
You die...

#.# #†## #..##....#
##.♣§§. ##)# #!.#
#..#.....# #.♣.♣. )))##
#..#######.........
#.P♣♣♣
##..###....>...##.#.....#
#...
.........#...............
#..P♣
.....P...#.###.##..##..#.
#.#P. .........#.# #
##..###.# #.♣♣.♣
.........#.###.#.......#
#.♣ .♣
#''#.#.#........@.###....
#).#####........h## .#.
....#..#.......... .. ♣
....'..#.........## . ♣♣
....####......##.. .
##### #.......#.. ♣
.........#. ♣
........#.#.


You could see a polar bear (berserk).

Vanquished Creatures
  A troll (D:8)
  Sigmund (D:6)
  Edmund (D:4)
  A water moccasin (D:7)
  2 porcupines (D:8)
  Duvessa (D:7)
  2 orc warriors
  2 phantoms
  A black bear (D:6)
  2 ice beasts
  2 centaurs
  2 ogres
  A big kobold (D:8)
  2 bullfrogs
  Dowan (D:7)
  A scorpion (D:4)
  4 crimson imps
  A hound (D:4)
  2 jellies
  8 orc wizards
  4 iguanas
  2 worker ants
  6 big kobold zombies (Ossuary)
  A centaur simulacrum (D:8)
  A mummy (Ossuary)
  A howler monkey zombie (D:5)
  A worker ant zombie (D:7)
  6 gnolls (D:2)
  9 adders
  3 shadow imps
  A white imp (D:8)
  An ooze (D:4)
  2 worms
  2 dart slugs
  4 leopard geckos
  18 orcs
  2 spectral bats (Ossuary)
  2 ball pythons
  5 giant cockroaches
  6 gnoll zombies (Ossuary)
  8 hobgoblins
  6 jackals
  8 kobolds
  2 quokkas
  13 bats
  2 bat simulacra (Ossuary)
  2 frilled lizards
  7 goblins
  4 goblin simulacra (Ossuary)
  5 goblin zombies (Ossuary)
  7 hobgoblin zombies (Ossuary)
  6 kobold simulacra (Ossuary)
  3 kobold zombies (Ossuary)
  3 orc zombies (Ossuary)
  7 rats
  2 rat simulacra (Ossuary)
  4 spectral goblins (Ossuary)
  3 spectral kobolds (Ossuary)
  3 spectral rats (Ossuary)
210 creatures vanquished.

Vanquished Creatures (others)
  2 plants (D:8)
2 creatures vanquished.

Grand Total: 212 creatures vanquished

Notes
Turn   | Place    | Note
-------+----------+-------------------------------------------
     0 | D:1      | Starchild the Hill Orc Fighter began the quest for the Orb.
     0 | D:1      | Reached XP level 1. HP: 19/19 MP: 1/1
    16 | D:1      | Reached skill level 3 in Axes
    53 | D:1      | Reached XP level 2. HP: 26/27 MP: 2/2
   349 | D:1      | Reached XP level 3. HP: 33/33 MP: 3/3
   416 | D:1      | Reached skill level 4 in Axes
   812 | D:2      | Found an ornate altar of the Wu Jian Council.
   825 | D:2      | Reached XP level 4. HP: 31/41 MP: 4/4
   831 | D:2      | Reached skill level 5 in Axes
  1038 | D:2      | Found a blossoming altar of Fedhas.
  1327 | D:2      | Reached XP level 5. HP: 46/47 MP: 5/5
  1358 | D:2      | Reached skill level 6 in Axes
  1938 | D:3      | Found a shadowy altar of Dithmenos.
  2047 | D:3      | Found a hazy altar of Hepliaklqana.
  2048 | D:3      | Found a shimmering altar of Xom.
  2049 | D:3      | Noticed a spectral ugly thing
  2109 | D:3      | Found a deep blue altar of Sif Muna.
  2240 | D:3      | Reached skill level 5 in Fighting
  2396 | D:3      | Reached XP level 6. HP: 30/56 MP: 6/6
  2405 | D:3      | Reached skill level 7 in Axes
  2597 | D:3      | Found a faded altar of an unknown god.
  2628 | D:4      | Found a bloodstained altar of Trog.
  2849 | D:4      | Noticed a phantom
  2890 | D:4      | Found a sand-covered staircase.
  2894 | Ossuary  | Entered an ossuary
  3363 | Ossuary  | Reached skill level 8 in Axes
  3444 | Ossuary  | Reached XP level 7. HP: 61/61 MP: 7/7
  3594 | D:4      | Reached skill level 9 in Axes
  3666 | D:4      | Noticed Edmund
  3692 | D:4      | Killed Edmund
  3876 | D:4      | Found a staircase to the Ecumenical Temple.
  3998 | D:4      | Reached skill level 10 in Axes
  4256 | D:4      | Found Kenn's Gadget Shop.
  4415 | D:5      | Entered Level 5 of the Dungeon
  4575 | D:5      | Found a stormy altar of Qazlal.
  4618 | D:5      | Found a hide-covered altar of Uskayaw.
  4800 | D:6      | Found a snail-covered altar of Cheibriados.
  4835 | D:6      | Noticed Sigmund
  4848 | D:6      | Reached XP level 8. HP: 62/68 MP: 8/8
  4857 | D:6      | Killed Sigmund
  4857 | D:6      | Reached skill level 11 in Axes
  4977 | D:6      | Found Wonubic's Gadget Boutique.
  5040 | D:6      | Reached skill level 12 in Axes
  5402 | D:6      | HP: 2/68 [orc/flail (8)]
  5752 | D:6      | Found a shimmering altar of Xom.
  5817 | D:7      | Reached skill level 5 in Shields
  5880 | D:7      | Reached skill level 5 in Armour
  5880 | D:7      | Reached XP level 9. HP: 42/74 MP: 9/9
  6312 | D:7      | Noticed Duvessa
  6312 | D:7      | Noticed Dowan
  6315 | D:7      | Killed Duvessa
  6323 | D:7      | Killed Dowan
  6611 | D:7      | Found a sparkling altar of Nemelex Xobeh.
  7073 | D:8      | Noticed a troll
  7088 | D:8      | Killed a troll
  7358 | D:8      | Noticed Prince Ribbit
  8030 | D:8      | Noticed a polar bear
  8047 | D:8      | HP: 2/74 [polar bear (3)]
  8047 | D:8      | Mangled by a polar bear

Skill      XL: |  1  2  3  4  5  6  7  8  9 |
---------------+----------------------------+-----
Axes           | 3 4 5 6 8 10 12 | 12.1
Fighting       | 4 5 |  5.0
Shields        | 5 7 |  7.7
Armour         | 5 8 |  8.4

Action                   |  1- 3 |  4- 6 |  7- 9 || total
-------------------------+-------+-------+-------++-------
Melee: War axe           |    81 |   328 |   382 ||   791
Throw: Tomahawk          |       |     8 |    26 ||    34
       Stone             |       |     2 |    12 ||    14
  Use: Scroll            |     2 |     6 |     9 ||    17
       Potion            |       |     1 |     4 ||     5
  Eat: Chunk             |       |     7 |     7 ||    14
       Ration            |       |       |     3 ||     3
Armor: Scale mail        |    44 |   153 |   114 ||   311
Dodge: Dodged            |    20 |    99 |    96 ||   215
Block: Shield            |    44 |   170 |   174 ||   388
